 Dungeon Crawl Stone Soup version 0.20.0-8-g6b59dc7 (webtiles) character file.

4918 TravisTheLouse the Nimble (level 10, -12/50 HPs)
             Began as a Deep Elf Earth Elementalist on June 3, 2017.
             Was a Follower of Vehumet.
             Killed from afar by Nergalle (36 damage)
             ... with a bolt of negative energy
             ... on level 1 of the Lair of Beasts.
             The game lasted 00:24:09 (8755 turns).

TravisTheLouse the Nimble (DEEE)                    Turns: 8755, Time: 00:24:10

Health: -12/50     AC:  9    Str: 10    XL:     10   Next: 27%
Magic:  20/25      EV: 17    Int: 24    God:    Vehumet [*.....]
Gold:   309        SH:  0    Dex: 15    Spells: 19/27 levels left

rFire    . . .     SeeInvis .   I - +2 dagger (freeze)
rCold    + . .     Gourm    .   (no shield)
rNeg     . . .     Faith    .   c - +0 robe
rPois    .         Spirit   .   g - +0 helmet "Qutsyj" {rCorr Str+5}
rElec    .         Reflect  .   F - +1 cloak
rCorr    +         Harm     .   (no gloves)
MR       +....                  (no boots)
Stlth    +++.......             (no amulet)
Regen    0.2/turn               k - +4 ring of protection
MPRegen  0.2/turn               y - ring of protection from cold

@: heavily drained
A: no striking features
a: Renounce Religion


You were on level 1 of the Lair of Beasts.
You worshipped Vehumet.
Vehumet was aware of your devotion.
You were not hungry.

You visited 3 branches of the dungeon, and saw 10 of its levels.

You collected 309 gold pieces.

Inventory:

Hand Weapons
 I - a +2 dagger of freezing (weapon)
Missiles
 b - 37 stones (quivered)
Armour
 c - a +0 robe (worn)
 g - the +0 helmet "Qutsyj" (worn) {rCorr Str+5}
   (You took it off Robin on level 4 of the Dungeon)

   It affects your strength (+5).
   It protects you from acid and corrosion.
 F - a +1 cloak (worn)
Jewellery
 k - a +4 ring of protection (left hand)
 v - an uncursed ring of ice
 y - a ring of protection from cold (right hand)
 J - an uncursed ring of see invisible {unknown}
Wands
 p - a wand of iceblast (15/15)
 w - a wand of confusion (27/48)
 A - a wand of confusion (29/48)
 G - a wand of lightning (9/15)
 H - a wand of confusion (34/48)
Scrolls
 h - 6 scrolls of remove curse
 i - 2 scrolls of random uselessness {unknown}
 m - a scroll of amnesia
 o - a scroll of noise
 s - a scroll of immolation
 B - 4 scrolls of teleportation
 C - a scroll of identify
 E - a scroll of enchant armour
 K - 2 scrolls of torment {unknown}
Potions
 f - 2 potions of lignification
 j - 2 potions of mutation
 n - 2 potions of curing
 q - 2 potions of heal wounds
 r - 2 potions of flight
 t - 3 potions of cancellation
 u - a potion of brilliance
 z - 2 potions of invisibility
 M - a potion of resistance
 N - a potion of agility {unknown}
Books
 e - a book of Geomancy

   Spells                             Type                      Level
   a - Sandblast                      Earth                        1
   b - Passwall                       Transmutation/Earth          2
   c - Stone Arrow                    Conjuration/Earth            3
   d - Petrify                        Transmutation/Earth          4
   e - Lee's Rapid Deconstruction     Earth                        5
 D - a book of Changes

   Spells                             Type                      Level
   a - Beastly Appendage              Transmutation                1
   b - Sticks to Snakes               Transmutation                2
   c - Spider Form                    Transmutation/Poison         3
   d - Ice Form                       Ice/Transmutation            4
   e - Blade Hands                    Transmutation                5
Comestibles
 a - 6 meat rations
 d - 3 bread rations
 l - 5 royal jellies
 x - 29 fruits


   Skills:
 + Level 9.3(7.6) Dodging
 + Level 6.2(4.6) Stealth
 + Level 9.3(7.6) Spellcasting
 + Level 8.5(6.9) Conjurations
 - Level 1.1(0.0) Transmutations
 - Level 8.2(6.6) Earth Magic


You had 19 spell levels left.
You knew the following spells:

 Your Spells              Type           Power        Failure   Level  Hunger
a - Sandblast             Erth           #####.       1%          1    None
b - Stone Arrow           Conj/Erth      #####.       1%          3    None
c - Petrify               Tmut/Erth      ####....     17%         4    ###....


Dungeon Overview and Level Annotations

Branches:
Dungeon (8/15)             Temple (1/1) D:7            Lair (1/6) D:8

Altars:
Ashenzari
Cheibriados
Dithmenos
Elyvilon
Fedhas
Gozag
Hepliaklqana
Kikubaaqudgha
Makhleb
Nemelex Xobeh
Okawaru
Qazlal
Ru
Sif Muna
Trog
Uskayaw
Vehumet
Xom
Yredelemnul
Zin
The Shining One

Shops:
D:5 =

Annotations:
Lair:1 Nergalle


Message History

Found a stone staircase leading down.
Casting: Sandblast
Confirm with . or Enter, or press ? or * to list all spells.
Aiming: Stone Arrow
Press: ? - help, Shift-Dir - straight line, f - Nergalle
Aim: Nergalle, wielding a dagger and wearing a robe Your line of fire to Nergalle is blocked by a fungus.
Continue anyway?
Okay, then.
You see here 18 sling bullets.
Casting: Stone Arrow
Confirm with . or Enter, or press ? or * to list all spells.
Aiming: Stone Arrow
Press: ? - help, Shift-Dir - straight line, f/p - Nergalle
Aim: Nergalle, wielding a dagger and wearing a robe The stone arrow hits Nergalle.
Nergalle is moderately wounded.
Nergalle points at you and mumbles some strange words.
The bolt of negative energy hits you!
You feel drained.
Ouch! That really hurt!
You die...

#..............$.....#
.....................#
#....................## #
#.....................#.P
.........................
.....##########..........
....## #..........> #...P
#P.>........ #[..
##.@##P.+#.# #...
#P.....o... #.
#...#....... ##..#.......
#... ...... #..#.......
#...$ ..[. #..# .....


You could see Nergalle.

Vanquished Creatures
  Joseph (D:7)
  A troll (D:7)
  Prince Ribbit (D:7)
  2 wyverns (D:8)
  A hungry ghost (D:7)
  Edmund (D:6)
  3 wargs (D:8)
  A porcupine (Lair:1)
  2 water moccasins
  An ice beast (D:7)
  2 phantoms
  A sky beast (D:7)
  5 ogres
  The ghost of Liimbo the Skirmisher, an amateur FoWn (D:3)
  7 centaurs
  A big kobold (D:8)
  5 bullfrogs
  A water moccasin skeleton (D:5)
  3 scorpions
  2 howler monkeys
  A crimson imp (D:7)
  A hound (D:8)
  A centaur skeleton (D:5)
  3 jellies
  A bullfrog skeleton (D:8)
  Jessica (D:3)
  Ijyb (D:5)
  3 iguanas
  7 orc wizards
  4 worker ants
  3 hound zombies
  A worker ant zombie (D:7)
  Robin (D:4)
  A howler monkey skeleton (D:5)
  14 adders
  3 shadow imps
  An ooze (D:2)
  2 adder zombies (D:5)
  A worm (D:3)
  3 dart slugs
  A leopard gecko (D:5)
  11 orcs
  3 bats
  6 giant cockroaches
  14 goblins
  12 hobgoblins
  4 jackals
  5 kobolds
  10 quokkas
  4 ball pythons
  A ball python skeleton (D:4)
  3 frilled lizards
  A jackal skeleton (D:4)
  A leopard gecko zombie (D:5)
  A quokka zombie (D:5)
  8 rats
180 creatures vanquished.

Vanquished Creatures (others)
  A fungus (Lair:1)
1 creature vanquished.

Grand Total: 181 creatures vanquished

Notes
Turn   | Place    | Note
-------+----------+-------------------------------------------
     0 | D:1      | TravisTheLouse the Deep Elf Earth Elementalist began the quest for the Orb.
     0 | D:1      | Reached XP level 1. HP: 10/10 MP: 6/6
   212 | D:1      | Reached XP level 2. HP: 15/15 MP: 6/8
   857 | D:2      | Reached XP level 3. HP: 19/19 MP: 7/10
   862 | D:2      | Learned a level 3 spell: Stone Arrow
  1473 | D:2      | Reached skill level 1 in Conjurations
  1489 | D:2      | Reached XP level 4. HP: 18/24 MP: 7/11
  1828 | D:3      | Noticed Jessica
  1834 | D:3      | Noticed Liimbo's ghost (amateur FoWn)
  1836 | D:3      | Killed Jessica
  2393 | D:3      | Reached XP level 5. HP: 20/28 MP: 12/12
  2682 | D:3      | Killed Liimbo's ghost
  2948 | D:4      | Noticed Robin
  2992 | D:3      | Reached XP level 6. HP: 32/32 MP: 8/13
  3253 | D:4      | Killed Robin
  3263 | D:4      | Reached skill level 5 in Stealth
  3554 | D:4      | Reached XP level 7. HP: 26/36 MP: 0/14
  3559 | D:4      | Got a faintly humming helmet
  3652 | D:3      | Identified the +0 helmet "Qutsyj" {rCorr Str+5} (You took it off Robin on level 4 of the Dungeon)
  3772 | D:4      | Learned a level 4 spell: Petrify
  4032 | D:5      | Entered Level 5 of the Dungeon
  4057 | D:5      | Reached skill level 5 in Dodging
  4139 | D:5      | Reached skill level 5 in Conjurations
  4139 | D:5      | Reached skill level 5 in Earth Magic
  4458 | D:5      | Noticed Ijyb
  4465 | D:5      | Killed Ijyb
  4743 | D:5      | Reached skill level 5 in Spellcasting
  4743 | D:5      | Reached XP level 8. HP: 41/41 MP: 4/17
  4850 | D:5      | Found Dong's Jewellery Emporium.
  5616 | D:6      | Noticed Edmund
  5629 | D:6      | Killed Edmund
  6472 | D:7      | Noticed Joseph
  6496 | D:7      | Killed Joseph
  6671 | D:7      | Noticed a troll
  6675 | D:7      | Killed a troll
  6675 | D:7      | Reached XP level 9. HP: 45/45 MP: 8/21
  6943 | D:7      | Noticed Prince Ribbit
  6947 | D:7      | Killed Prince Ribbit
  7064 | D:7      | Found a staircase to the Ecumenical Temple.
  7085 | Temple   | Entered the Ecumenical Temple
  7131 | Temple   | Became a worshipper of Vehumet
  8193 | D:8      | Reached XP level 10. HP: 50/50 MP: 13/24
  8195 | D:8      | Reached * piety under Vehumet
  8195 | D:8      | Offered knowledge of Sting by Vehumet.
  8337 | D:8      | Found a staircase to the Lair.
  8563 | Lair:1   | Entered Level 1 of the Lair of Beasts
  8565 | Lair:1   | Noticed Nergalle
  8584 | Lair:1   | Noticed a spiny frog
  8755 | Lair:1   | Killed from afar by Nergalle

Skill      XL: |  1  2  3  4  5  6  7  8  9 10 |
---------------+-------------------------------+-----
Stealth        | 3 4 5 6 |  6.2
Dodging        | 3 4 5 7 8 9 |  9.3
Conjurations   | 1 2 3 4 5 6 8 |  8.5
Earth Magic    | 4 5 6 8 |  8.2
Spellcasting   | 5 7 8 9 |  9.3
Transmutations | |  1.1

Action                   |  1- 3 |  4- 6 |  7- 9 | 10-12 || total
-------------------------+-------+-------+-------+-------++-------
Melee: Unarmed           |     1 |       |       |       ||     1
       Mace              |       |    30 |       |       ||    30
       Dagger            |       |       |     6 |     3 ||     9
 Cast: Sandblast         |    48 |    64 |   116 |    35 ||   263
       Stone Arrow       |       |    11 |    54 |    14 ||    79
  Use: Scroll            |       |    14 |     5 |     1 ||    20
       Potion            |       |       |     4 |       ||     4
  Eat: Chunk             |     2 |     5 |    15 |     1 ||    23
       Royal jelly       |       |       |     1 |       ||     1
Armor: Robe              |     5 |    10 |     5 |    11 ||    31
Dodge: Dodged            |     3 |    36 |    42 |    40 ||   121
